 Dungeon Crawl Stone Soup version 0.13-a0-2236-g7be3fc8 (webtiles) character file.

4433 M4edhros the Covert (level 10, 0/60 HPs)
             Began as an Octopode Artificer on July 4, 2013.
             Was an Initiate of Elyvilon.
             Slain by a killer bee (9 damage)
             ... on Level 10 of the Dungeon.
             The game lasted 00:35:21 (12436 turns).

M4edhros the Covert (Octopode Artificer)           Turns: 12436, Time: 00:35:21

HP   0/60        AC  1     Str 11 (13) XL: 10   Next: 24%
MP  27/27        EV 12     Int 17      God: Elyvilon [......]
Gold 402         SH  0     Dex 12 (14) Spells:  2 memorised,  5 levels left

Res.Fire  : . . .   See Invis. : +   s - +3,+2 dagger (venom)
Res.Cold  : . . .   Warding    : .   (no shield)
Life Prot.: + . .   Conserve   : .   (helmet restricted)
Res.Poison: .       Res.Corr.  : .   (no amulet)
Res.Elec. : .       Clarity    : .   t - ring of life protection
Sust.Abil.: . .     Spirit.Shd : .   I - ring of wizardry
Res.Mut.  : .       Stasis     : .   B - ring of magical power
Res.Rott. : .       Flight     : .   z - ring "Shriurabe" {Str+3 SInv}
Saprovore : . . .                    (no ring)
                                     (no ring)
                                     (no ring)
                                     (no ring)

@: hasted, very quick, somewhat resistant to hostile enchantments,
extraordinarily stealthy
A: almost no armour, amphibious, 8 rings, constrict 8, spike 2, camouflage 1,
deterioration 1, -10% mp, AC +1
a: Lesser Healing, Renounce Religion


You were on level 10 of the Dungeon.
You worshipped Elyvilon.
Elyvilon was pleased with you.
You were not hungry.

You visited 1 branch of the dungeon, and saw 10 of its levels.

You collected 382 gold pieces.

Inventory:

Hand weapons
 s - a +3,+2 dagger of venom (weapon)
Missiles
 g - 31 sling bullets
Magical devices
 c - a wand of enslavement (0)
Comestibles
 b - a pear
 f - 3 bread rations
 i - a royal jelly
Scrolls
 e - 2 scrolls of fear
 h - 6 scrolls of remove curse
 l - 3 scrolls of teleportation
 q - a scroll of enchant armour
 r - 4 scrolls of blinking
 y - 2 scrolls of fog
Jewellery
 a - a +3 ring of intelligence {unknown}
 d - an uncursed amulet of warding
 n - an uncursed amulet of resist mutation
 t - a ring of life protection (left tentacle)
 w - an uncursed ring of fire
 z - the ring "Shriurabe" (on tentacle) {Str+3 SInv}
   (You found it on level 8 of the Dungeon)

   [ring of strength]

   It affects your strength (+3).
   It enhances your eyesight.
 B - a ring of magical power (on tentacle)
 C - a cursed ring of fire
 I - a ring of wizardry (right tentacle)
Potions
 m - a potion of resistance
 p - a potion of speed
 u - 2 potions of cure mutation
Books
 E - a book of Spatial Translocations

   Spells                             Type                      Level
   Apportation                        Translocation                1
   Portal Projectile                  Translocation                2
   *Blink                             Translocation                2
   *Shroud of Golubria                Charms/Translocation         2
   Teleport Other                     Translocation                3
   Passage of Golubria                Translocation                4
Magical staves
 j - an uncursed staff of summoning


   Skills:
 - Level 1.0 Fighting
 + Level 7.4 Short Blades
 - Level 2.0 Dodging
 * Level 13.2 Stealth
 - Level 2.1 Traps
 + Level 6.9 Invocations
 - Level 3.2 Evocations


You had 5 spell levels left.
You knew the following spells:

 Your Spells              Type           Power        Failure   Level  Hunger
a - Shroud of Golubria    Chrm/Tloc      #.........   13%         2    ###....
b - Blink                 Tloc           N/A          13%         2    ###....


Dungeon Overview and Level Annotations

Branches:
Dungeon (10/27)            Temple (0/1) D:4
    Orc: D:6-11        Lair: D:8-13

Altars:
Cheibriados
Elyvilon
Fedhas
Kikubaaqudgha
Okawaru
Vehumet
Xom
Yredelemnul
Zin
the Shining One

Shops:
D:9: *?


Innate Abilities, Weirdness & Mutations

You cannot wear most types of armour.
You are amphibious.
You can wear up to eight rings at the same time.
You can use your tentacles to constrict many enemies at once.
Your skin changes colour to match your surroundings (Stlth).
Your rubbery body absorbs attacks (AC +1).
One of your tentacles bears a nasty spike.
Your body is slowly deteriorating.
Your magical capacity is low (-10% MP).


Message History

Your adder's corpse dissolves into shadows!
Unknown command.
Unknown command.
Unknown command.
You hit the killer bee.
The killer bee is poisoned.
You grab the killer bee.
You pierce the killer bee, but do no damage.
The killer bee is severely wounded.
You constrict the killer bee, but do no damage.
The killer bee stings you.
* * * LOW HITPOINT WARNING * * *
The killer bee closely misses you.
Unknown command.
Unknown command.
Drink which item? (? for menu, Esc to quit)
You feel yourself speed up.
You constrict the killer bee. The killer bee misses you.
The killer bee completely misses you. The killer bee stings you.
* * * LOW HITPOINT WARNING * * *
The killer bee completely misses you. The killer bee stings you!
You die...

#.# #.#
######+######++####.#
..................#.##+#
..................#.##.#
........%..........#.##[###
..........%........#...[...
.........kk........#.......
.....>..k@.......>'..#.###
...?..............'..#.#
..................#..#.#
........###+######.....
.......# #.##### #######
#.# #.# ... ...


You could see 3 killer bees.

Vanquished Creatures
  Joseph (D:9)
  Prince Ribbit (D:6)
  Eustachio (D:8)
  Edmund (D:4)
  An orc warrior (D:9)
  A manticore skeleton (D:8)
  An ice beast (D:5)
  3 ogres
  4 sky beasts
  2 centaurs
  A phantom (D:9)
  A big kobold (D:9)
  7 giant frogs
  Blork the orc (D:9)
  A giant frog skeleton (D:6)
  2 killer bees (D:10)
  A goliath beetle (D:8)
  An ogre skeleton (D:4)
  2 crimson imps
  2 hounds
  A quasit (D:9)
  4 orc priests
  3 scorpions
  2 orc wizards
  4 worker ants
  An iguana (D:4)
  3 jellies
  5 gnolls (D:4)
  15 adders
  An adder skeleton (D:6)
  2 worms
  2 giant eyeballs (D:6)
  5 giant geckos
  28 orcs
  16 bats
  18 hobgoblins
  9 jackals
  9 quokkas
  2 ball pythons
  3 giant cockroaches
  A giant gecko skeleton (D:5)
  3 giant newts
  7 goblins
  A goblin skeleton (D:4)
  A goblin zombie (D:5)
  A hobgoblin skeleton (D:4)
  A jackal skeleton (D:5)
  15 kobolds
  2 orc skeletons
  A quokka skeleton (D:5)
  18 rats
  A rat skeleton (D:7)
  5 ballistomycetes (D:9)
225 creatures vanquished.

Vanquished Creatures (collateral kills)
  A worker ant (D:8)
1 creature vanquished.

Vanquished Creatures (others)
  A hippogriff (D:9)
  An ogre (D:10)
  A killer bee (D:10)
  A jelly (D:10)
  3 adders (D:10)
  A jackal (D:9)
  2 giant spores
10 creatures vanquished.

Grand Total: 236 creatures vanquished

Notes
Turn   | Place    | Note
--------------------------------------------------------------
     0 | D:1      | M4edhros, the Octopode Artificer, began the quest for the Orb.
     0 | D:1      | Reached XP level 1. HP: 14/14 MP: 1/1
   303 | D:1      | Reached XP level 2. HP: 13/19 MP: 3/3
   532 | D:2      | Reached XP level 3. HP: 12/24 MP: 4/4
   579 | D:2      | Found a glowing silver altar of Zin.
   582 | D:2      | Found a glowing golden altar of the Shining One.
   583 | D:2      | Found a white marble altar of Elyvilon.
   595 | D:2      | Became a worshipper of Elyvilon the Healer
   642 | D:2      | Reached skill level 4 in Stealth
   933 | D:2      | Reached XP level 4. HP: 18/29 MP: 6/6
  2113 | D:3      | Acquired Elyvilon's first power
  2265 | D:3      | Found a blossoming altar of Fedhas.
  2800 | D:4      | Reached XP level 5. HP: 25/34 MP: 7/7
  3044 | D:4      | Reached skill level 5 in Stealth
  3044 | D:4      | Reached skill level 1 in Invocations
  3330 | D:4      | Found a staircase to the Ecumenical Temple.
  3544 | D:4      | Reached XP level 6. HP: 13/39 MP: 7/9
  3766 | D:4      | Noticed Edmund
  3779 | D:4      | Killed Edmund
  3779 | D:4      | Reached skill level 6 in Stealth
  4026 | D:4      | Found a snail-covered altar of Cheibriados.
  4105 | D:4      | Noticed an ogre
  4114 | D:4      | Killed an ogre
  4114 | D:4      | Reached skill level 7 in Stealth
  4114 | D:4      | Reached XP level 7. HP: 33/44 MP: 10/10
  4506 | D:4      | Found a basalt altar of Yredelemnul.
  4510 | D:4      | Found a shimmering altar of Xom.
  4515 | D:4      | Found an ancient bone altar of Kikubaaqudgha.
  4560 | D:4      | Found an iron altar of Okawaru.
  5699 | D:5      | Entered Level 5 of the Dungeon
  6060 | D:5      | Reached skill level 8 in Stealth
  6325 | D:5      | Reached XP level 8. HP: 36/50 MP: 13/13
  6491 | D:6      | Noticed Prince Ribbit
  6500 | D:6      | Killed Prince Ribbit
  6500 | D:6      | Reached skill level 5 in Short Blades
  6500 | D:6      | Reached skill level 9 in Stealth
  6592 | D:6      | Found a radiant altar of Vehumet.
  7427 | D:6      | Reached skill level 10 in Stealth
  7434 | D:6      | Gained mutation: One of your tentacles bears a spike. [mutagenic meat]
  7435 | D:6      | Gained mutation: Your body is slowly deteriorating. [mutagenic meat]
  7436 | D:6      | Gained mutation: Your magical capacity is low (-10% MP). [mutagenic meat]
  7683 | D:7      | Reached skill level 5 in Invocations
  7691 | D:7      | Reached XP level 9. HP: 22/54 MP: 5/14
  8031 | D:7      | Learned a level 2 spell: Shroud of Golubria
  8034 | D:7      | Learned a level 2 spell: Blink
  8714 | D:8      | Noticed Eustachio
  8718 | D:8      | Reached skill level 11 in Stealth
  8734 | D:8      | Killed Eustachio
  8819 | D:8      | Got a twitching silver ring
  9584 | D:8      | Gained mutation: One of your tentacles bears a nasty spike. [potion of beneficial mutation]
  9774 | D:9      | Noticed Joseph
  9791 | D:9      | Killed Joseph
 10027 | D:9      | Noticed Blork the orc
 10033 | D:9      | Killed Blork the orc
 10033 | D:9      | Reached skill level 12 in Stealth
 10386 | D:9      | Identified the ring "Shriurabe" {Str+3 SInv} (You found it on level 8 of the Dungeon)
 10397 | D:9      | Found Kladebb's General Store.
 10685 | D:9      | Reached XP level 10. HP: 36/60 MP: 17/17
 10689 | D:9      | Found an iron altar of Okawaru.
 11573 | D:9      | Found Klyoh's Magic Scroll Shop.
 11591 | D:9      | Reached skill level 13 in Stealth
 12260 | D:10     | Entered Level 10 of the Dungeon
 12436 | D:10     | Slain by a killer bee

Action                   |  1- 3 |  4- 6 |  7- 9 | 10-12 || total
-------------------------+-------+-------+-------+-------++-------
Melee: Short sword       |    55 |   122 |   126 |       ||   303
       Dagger            |       |       |   261 |   109 ||   370
       Hammer            |       |       |       |     4 ||     4
 Cast: Shroud of Golubri |       |       |       |     2 ||     2
Invok: Lesser Self-Heali |       |     2 |     6 |       ||     8
       Lesser Healing    |       |       |    18 |    10 ||    28
Evoke: Wand              |       |    19 |    27 |     5 ||    51
  Use: Potion            |     1 |     6 |    12 |     3 ||    22
       Scroll            |       |       |    21 |     4 ||    25
 Stab: Sleeping          |     8 |     7 |    27 |     2 ||    44
       Distracted        |     1 |     1 |     1 |     1 ||     4
       Confused          |       |       |     1 |       ||     1
